[Event "Early-Titled-Tuesday-Blitz-October-10-2023"]
[Site "Chess.com"]
[Date "2023.10.10"]
[Round "9"]
[White "rachidhuilda"]
[Black "Henryk_S"]
[Result "1-0"]
[WhiteElo "2364"]
[BlackElo "2128"]
[TimeControl "180+1"]
[EndTime "9:44:47 PDT"]
[Termination "rachidhuilda won on time"]

1. d4 d5 2. Nf3 Nf6 3. e3 Bg4 4. c4 e6 5. Nc3 c6 6. Qb3 Qb6 7.
Ne5 Bf5 8. c5 Qc7 9. Be2 Nfd7 10. Nf3 Be7 11. O-O O-O 12. Qd1 b6 13. b4 a5 14. b5 bxc5 15. bxc6 Nxc6 16. dxc5 Nxc5 17. Ba3 Ne4 18. Qc1 Nxc3 19. Qxc3 Bf6 20. Nd4 Rfc8 21. Rac1 Nxd4 22. Qxc7 Nxe2+ 23. Kh1 Rxc7 24. Rxc7 h5 25. Re1 Nc3 26. Bb2 Ne4 27. Bxf6 Nxf6 28. Rec1 Ne4 29. Rc8+ Rxc8 30. Rxc8+ Kh7 31. Ra8 Nxf2+ 32.
Kg1 Ng4 33. Rxa5 Nxe3 34. Rb5 Nc4 35. a4 Bd3 36. a5 Ne5 37. Rb3 Bc4 38. Rb6 Nd7 39. Rb7 Nc5 40. Rxf7 Kg6 41. Rc7 Na6 42. Rc6 Kf6 43. Kf2 g5 44. Ke3 Kf5 45. h3 e5 46.
Kd2 Ke4 47. Rg6 Kf5 48. Rh6 h4 49. Rd6 e4 50. Kc3 Ke5 51. Rg6 e3 52. Rxg5+ Kf4 53. Rg8 e2 54. Kd2 Ke4 55. Re8+ Kd4 56. Rh8 Kc5 57.
Rxh4 d4 58. Rh5+ Kb4 59. Re5 d3 60. h4 Nc5 61. Rxc5 Kxc5 62. h5 Bg8 63. g4 Be6 64. g5 Bf5 65. g6 1-0

[Event "Early-Titled-Tuesday-Blitz-October-10-2023"]
[Site "Chess.com"]
[Date "2023.10.10"]
[Round "9"]
[White "HanSchut"]
[Black "mary-sanna"]
[Result "1-0"]
[WhiteElo "2349"]
[BlackElo "2160"]
[TimeControl "180+1"]
[EndTime "9:44:48 PDT"]
[Termination "HanSchut won on time"]

1. e4 c5 2. Nf3 Nc6 3. d4 cxd4 4.
Nxd4 g6 5. c4 Bg7 6. Be3 Nf6 7.
Nc3 d6 8. Be2 Bd7 9. Qd2 O-O 10.
f3 Nxd4 11. Bxd4 Bc6 12. Rc1 a5 13. b3 Nd7 14. Be3 Nc5 15. O-O Be5 16. g3 e6 17.
Bd3 f5 18. exf5 gxf5 19. f4 Bf6 20. Nb5 Bxb5 21. cxb5 Rc8 22. Bc4 d5 23. Bxd5 Ne4 24.
Bxe4 fxe4 25. Qxd8 Rcxd8 26. Rfd1 Rd3 27. Kf2 Rfd8 28. Ke2 Bb2 29. Rb1 Ba3 30. Bb6 R8d5 31. Bxa5 Rxb5 32. Bc7 Rbd5 33. Rxd3 exd3+ 34. Ke3 d2 35. Rd1 Bc5+ 36. Ke2 Bb4 37. Be5 Kf7 38. a3 Bxa3 39.
Rxd2 Rb5 40. Rd3 Bb4 41. Kd1 Bc5 42. Kc2 b6 43. Rd7+ Kg6 44. g4 h5 45. h3 hxg4 46.
hxg4 Be3 47. Rd3 Bg1 48. Rc3 Rd5 49. Rd3 Rc5+ 50. Kb2 Bf2 51. b4 Rb5 52. Kb3 Be1 53. Bc3 Bf2 54. Kc4 Rd5 55. Rxd5 exd5+ 56. Kxd5 Be3 57. Ke4 Bf2 58. f5+ Kg5 59. Kf3 1-0

[Event "Early-Titled-Tuesday-Blitz-October-10-2023"]
[Site "Chess.com"]
[Date "2023.10.10"]
[Round "9"]
[White "GMBenjaminBok"]
[Black "K_A_S_T_O_R"]
[Result "1-0"]
[WhiteElo "3020"]
[BlackElo "2898"]
[TimeControl "180+1"]
[EndTime "9:44:50 PDT"]
[Termination "GMBenjaminBok won on time"]

1. d4 Nf6 2. c4 e6 3. Nc3 Bb4 4. Qc2 O-O 5. a3 Bxc3+ 6. Qxc3 d6 7. Nf3 b6 8. e3 Nbd7 9. Be2 c5 10. b4 Bb7 11. Bb2 Rc8 12. O-O Qc7 13. Rfd1 Rfe8 14. dxc5 bxc5 15. b5 d5 16. a4 a5 17. Nd2 Ra8 18.
Nb3 Rec8 19. h3 h6 20. cxd5 exd5 21. Bg4 c4 22. Bxd7 Qxd7 23. Nxa5 Rcb8 24. e4 Qe6 25. Nxb7 Rxb7 26. exd5 Qe2 27. Re1 Qh5 28. d6 Rc8 29. Rad1 Rd7 30. Qg3 Kh7 31. Bxf6 gxf6 32. Qg4 Qxg4 33.
hxg4 Ra8 34. Re7 Rdd8 35. d7 Rxa4 36. Re8 Raa8 37. Rxd8 Rxd8 38. b6 c3 39. b7 c2 40.
Rc1 Rxd7 41. b8=Q Rd1+ 42. Kh2 Rxc1 43. Qc7 Kg7 44. Qc3 Kg8 45. Qd2 Rb1 46. Qxc2 Rb5 47. Qd2 Kg7 48. f3 Re5 49. Kg3 Rg5 50. Kh4 Rc5 51.
Qd4 Re5 52. f4 Rb5 53. Qe3 Ra5 54. Qc1 Rb5 55. f5 Ra5 56. Kh5 1-0

[Event "Early-Titled-Tuesday-Blitz-October-10-2023"]
[Site "Chess.com"]
[Date "2023.10.10"]
[Round "9"]
[White "Iball95"]
[Black "Anton_Demchenko"]
[Result "0-1"]
[WhiteElo "2818"]
[BlackElo "3024"]
[TimeControl "180+1"]
[EndTime "9:44:51 PDT"]
[Termination "Anton_Demchenko won by checkmate"]

1. e4 e5 2. Nf3 Nc6 3. Nc3 Nf6 4. Bb5 Bb4 5. Nd5 Nxd5 6. exd5 Nd4 7. Nxd4 exd4 8. a3 Be7 9. O-O O-O 10. Qg4 c5 11.
Qg3 d6 12. d3 Bh4 13. Qf3 a6 14. Bc4 b5 15. Ba2 Qf6 16. Qxf6 Bxf6 17. Re1 Bf5 18. Bf4 Rfd8 19. h3 g5 20. Bh2 h5 21. Rad1 Rac8 22. b3 a5 23. Kf1 b4 24. a4 Rc7 25. Re2 Re7 26. Rde1 Rxe2 27. Rxe2 Kf8 28. Bb1 Be7 29.
Ba2 Bc8 30. Bb1 Bb7 31. f4 gxf4 32. Bxf4 Bxd5 33. Bh6+ Ke8 34. Bg5 Be6 35. Bf4 Kd7 36. Rf2 Rg8 37. Bh2 Bg5 38. Bf4 Ke7 39. Bxg5+ Rxg5 40. Rf4 d5 41. Kf2 Kd6 42. h4 Rg8 43. Rf6 Rh8 44. Kf3 Ke5 45. Rf4 Bg4+ 46. Kg3 Rg8 47.
Rf2 f5 48. Ba2 f4+ 49. Kh2 Re8 50. Rf1 Kf5 51. Kg1 Re2 52. Rf2 Re3 53. Bb1 Ke5 54. Kf1 f3 55. gxf3 Bxf3 56. Ba2 Kf4 57. Bb1 Kg3 58. Ba2 Kxh4 59. Rh2+ Kg3 60. Rxh5 Bxh5 61.
c4 Bg4 62. Bb1 Bh3+ 63. Kg1 Re1# 0-1

[Event "Early-Titled-Tuesday-Blitz-October-10-2023"]
[Site "Chess.com"]
[Date "2023.10.10"]
[Round "9"]
[White "DTChess"]
[Black "ural58"]
[Result "1-0"]
[WhiteElo "2624"]
[BlackElo "2504"]
[TimeControl "180+1"]
[EndTime "9:44:51 PDT"]
[Termination "DTChess won by resignation"]

1. e4 d5 2. exd5 Qxd5 3. Nc3 Qd6 4. Bc4 Be6 5. Bb3 Bxb3 6. axb3 c6 7. Nf3 Qe6+ 8. Ne2 Nf6 9. O-O g6 10. d4 Bg7 11. Re1 O-O 12. c3 Re8 13. b4 a6 14.
Nf4 Qd6 15. Nd3 Nbd7 16. Bf4 Qd5 17. Ra5 b5 18. Bg3 Nb6 19. Nde5 Nh5 20. Qa1 Nxg3 21. hxg3 f6 22. Ng4 Nc4 23. Ne3 Nxe3 24. Rxe3 e5 25. Rxa6 Rxa6 26. Qxa6 e4 27. Nd2 f5 28. Nf1 Bh6 29. Re1 f4 30. gxf4 Bxf4 31. Ne3 Qe6 32.
g3 Bg5 33. Ng2 h5 34. Qb7 Re7 35. Qa8+ Kg7 36. Qb8 Rf7 37. Rf1 e3 38. f4 e2 39.
Re1 Bf6 40. Kf2 Re7 41. Qa8 g5 42. fxg5 Bxg5 43. Qb8 Rf7+ 44. Kg1 Qe4 45. Qe5+ Qxe5 46.
dxe5 Rf3 47. Rxe2 Rxg3 48. e6 Be7 49. Kf2 Rg6 50. Nf4 Rf6 51. Ke3 Kh6 52. Rh2 Bd6 53. Rxh5+ Kg7 54. Rh4 Bxf4+ 55. Rxf4 Rxe6+ 56. Kd4 Kg6 57. Kc5 Kg5 58. Rd4 Re2 59. Kxc6 Rxb2 60. Kxb5 Kf5 61.
Kc4 Ke5 62. b5 Rb1 63. Rd8 Rc1 64. Kb4 Rb1+ 65. Kc5 Ke6 66. c4 Ke7 67. Rd2 Rb2 68.
Rxb2 Ke8 69. Rd2 1-0

[Event "Early-Titled-Tuesday-Blitz-October-10-2023"]
[Site "Chess.com"]
[Date "2023.10.10"]
[Round "9"]
[White "Journey_to_GrandMaster_YT"]
[Black "chessfatbear"]
[Result "0-1"]
[WhiteElo "2632"]
[BlackElo "2812"]
[TimeControl "180+1"]
[EndTime "9:44:52 PDT"]
[Termination "chessfatbear won on time"]

1. d4 Nf6 2. Nf3 e6 3. c4 d5 4. Nc3 h6 5. Bf4 dxc4 6. e3 Bd6 7. Bg3 b6 8. Bxc4 Bb7 9. O-O Bxg3 10. hxg3 O-O 11.
Rc1 Nbd7 12. b4 Qe7 13. b5 c5 14. bxc6 Bxc6 15. d5 exd5 16. Nxd5 Bxd5 17. Bxd5 Nxd5 18. Qxd5 Nc5 19. Nd4 Qf6 20. Qf5 Qxf5 21. Nxf5 Rfd8 22.
Rfd1 Kf8 23. Kf1 g6 24. Nd6 Ke7 25. Nb5 Ne6 26. Rxd8 Kxd8 27. Ke2 a6 28. Nd6 Ke7 29. Ne4 f5 30. Nc3 Rd8 31. Na4 b5 32. Nb2 Kd6 33.
Nd3 a5 34. Rd1 Kc7 35. Rc1+ Kd6 36. Rd1 Kc7 37. Rc1+ Kb6 38. Ne5 Nc5 39. Nxg6 b4 40.
Ne7 Na4 41. Rc6+ Kb5 42. Rxh6 Nc3+ 43. Kf3 Nxa2 44. Nxf5 b3 45. Nd4+ Rxd4 46. exd4 b2 47. Rh8 Kc4 48. Rb8 Nb4 49. d5 b1=Q 50. d6 Qd3+ 51. Kg4 Qxd6 52. Rf8 Qxf8 0-1

[Event "Early-Titled-Tuesday-Blitz-October-10-2023"]
[Site "Chess.com"]
[Date "2023.10.10"]
[Round "9"]
[White "krzyzan94"]
[Black "Mikhail_Golubev"]
[Result "1-0"]
[WhiteElo "2774"]
[BlackElo "2610"]
[TimeControl "180+1"]
[EndTime "9:44:52 PDT"]
[Termination "krzyzan94 won on time"]

1. d4 Nf6 2. c4 g6 3. Nc3 Bg7 4. g3 O-O 5. Bg2 d6 6. Nf3 Nbd7 7. O-O e5 8. Qc2 exd4 9. Nxd4 Nb6 10. b3 c5 11. Nf3 Bf5 12. Qd2 d5 13. cxd5 Nfxd5 14. Nxd5 Qxd5 15. Nh4 Qxd2 16. Bxd2 Bxa1 17. Nxf5 Bf6 18.
Nh6+ Kg7 19. Ng4 Rad8 20. Ba5 Be7 21. Bxb7 h5 22. Ne5 Bf6 23. Nd3 c4 24. bxc4 Rb8 25.
Bxb6 axb6 26. Bd5 Rfd8 27. a4 Rd7 28. Rb1 Ra7 29. c5 Rxa4 30. cxb6 Ra1 31. Rxa1 Bxa1 32. b7 Bd4 33. Nb4 Ba7 34. Na6 Rd8 35. e4 f5 36.
Kg2 fxe4 37. Bxe4 Rd2 38. b8=Q Rxf2+ 39. Kg1 Bxb8 40. Kxf2 Bd6 41. Kf3 g5 42. h3 Kf6 43.
g4 h4 44. Ke3 Ke5 45. Bf5 Ba3 46. Nb8 Bc5+ 47. Kf3 Ba3 48. Nd7+ Kd6 49. Nb6 Bc1 50. Nc4+ Ke7 51. Ne5 Kf6 52. Ke4 Bd2 53. Kd5 Bc1 54. Nf3 Bb2 55. Kd6 Ba3+ 56. Kd5 Bc1 57. Ng1 Kg7 58. Ne2 Kf6 59. Nxc1 1-0

[Event "Early-Titled-Tuesday-Blitz-October-10-2023"]
[Site "Chess.com"]
[Date "2023.10.10"]
[Round "9"]
[White "Rodalquilar"]
[Black "Amirreza_p"]
[Result "0-1"]
[WhiteElo "2739"]
[BlackElo "2612"]
[TimeControl "180+1"]
[EndTime "9:44:52 PDT"]
[Termination "Amirreza_p won on time"]

1. d4 d5 2. Nf3 Nf6 3. Bf4 c5 4. e3 Bg4 5. Nbd2 e6 6. c3 Nc6 7. Qb3 Qb6 8. Qxb6 axb6 9. Bb5 Nd7 10. O-O Be7 11. h3 Bf5 12. Rfe1 O-O 13. a3 Rfc8 14.
Rad1 Nf6 15. g4 Bg6 16. Kg2 Ne4 17. Nxe4 Bxe4 18. Kg3 f6 19. h4 g6 20. Nd2 g5 21.
hxg5 fxg5 22. Be5 Bg6 23. Bxc6 bxc6 24. f4 cxd4 25. exd4 c5 26. Nf3 Rf8 27. Nxg5 Bxg5 28. fxg5 Be4 29. Rf1 Rxf1 30. Rxf1 c4 31. Rf6 Re8 32. Rh6 Bg6 33. Kf4 Rf8+ 34. Bf6 Kf7 35. Ke5 Ra8 36. Rh2 b5 37. Rf2 Ra6 38. Bd8+ Ke8 39.
Bf6 Kd7 40. Bg7 Ra8 41. Bf8 Re8 42. Bc5 Rc8 43. Rf6 Re8 44. Bb4 Kc6 45. Rxg6 hxg6 46. Kf6 Kd7 47. Kxg6 e5 48. dxe5 Rxe5 49. Kf6 Re6+ 50.
Kf7 Re4 51. g6 Rf4+ 52. Kg8 Rxg4 53. g7 Ke6 54. Kf8 Rf4+ 55. Ke8 Rg4 56. Bf8 Rg2 57. Kd8 Kf7 58. Kd7 Rxb2 59. Kd6 d4 60. cxd4 c3 0-1

[Event "Early-Titled-Tuesday-Blitz-October-10-2023"]
[Site "Chess.com"]
[Date "2023.10.10"]
[Round "9"]
[White "GeorgiosSouleidis"]
[Black "masterofpuppets2"]
[Result "1-0"]
[WhiteElo "2642"]
[BlackElo "2508"]
[TimeControl "180+1"]
[EndTime "9:44:53 PDT"]
[Termination "GeorgiosSouleidis won by checkmate"]

1. e4 c5 2. Nf3 Nc6 3. Bc4 e6 4. O-O d5 5. Bb5 Bd6 6. Bxc6+ bxc6 7. e5 Bc7 8. d3 f6 9. Qe2 Ne7 10. Bf4 O-O 11. Nbd2 Ng6 12. Bg3 fxe5 13. Nxe5 Nf4 14. Qe3 Qg5 15. Ndf3 Qh6 16. Rfe1 Bd6 17. Rad1 Rb8 18. b3 Rb6 19. c4 a5 20. h3 g5 21. Ng4 Qg7 22. Bxf4 Rxf4 23. Nge5 h6 24. g3 Rf5 25. Kg2 Rf8 26. Re2 Qf6 27. Rde1 Qg7 28.
Qd2 Ra6 29. Qc2 Kh8 30. Qd2 Kg8 31. Ng4 Bd7 32. Nge5 Be8 33. Qe3 Ra7 34. Rh1 Re7 35. Ree1 Kh8 36. Qe2 Kg8 37. Nd2 Qh7 38. h4 Qf5 39.
hxg5 hxg5 40. Rh6 Rg7 41. Ng4 Bg6 42. Reh1 Kf7 43. Nf3 Qxg4 44. Ne5+ Bxe5 45. Qxg4 Bf5 46. Qh5+ Ke7 47. Qe2 Rff7 48. Rh8 Bd6 49. Ra8 Kf6 50. Ra7 Kg6 51. Rxf7 Rxf7 52. Qh5+ Kf6 53. Qh8+ Ke7 54. Qa8 Kf6 55. Qxc6 Ke5 56. cxd5 exd5 57. Re1+ Kd4 58. Qxd6 Rd7 59. Qf6+ Kxd3 60. Qxf5+ Kc3 61. Qxd7 Kb4 62.
Qxd5 Ka3 63. Qc4 Kb2 64. Re2+ Ka3 65. Qa4# 1-0

[Event "Early-Titled-Tuesday-Blitz-October-10-2023"]
[Site "Chess.com"]
[Date "2023.10.10"]
[Round "9"]
[White "motivated_bishop"]
[Black "Iskusnyh"]
[Result "1-0"]
[WhiteElo "2502"]
[BlackElo "2587"]
[TimeControl "180+1"]
[EndTime "9:44:57 PDT"]
[Termination "motivated_bishop won on time"]

1. d4 d5 2. c4 c6 3. cxd5 cxd5 4. Bf4 Nf6 5. Nc3 Nc6 6. e3 a6 7. Be2 Bf5 8. Qb3 Na5 9. Qa4+ Bd7 10. Qc2 Rc8 11.
Nf3 b5 12. a3 e6 13. O-O Be7 14. h3 O-O 15. Rfc1 Qb6 16. Ne5 Qb7 17. Qd1 Rfd8 18. Nd3 Nc4 19. Nb1 Be8 20. b3 Na5 21. Nc5 Bxc5 22.
dxc5 Ne4 23. b4 Nc6 24. f3 Nf6 25. Bd6 Bd7 26. Nc3 Ne8 27. Bg3 h6 28. Qb3 d4 29.
Ne4 dxe3 30. Qxe3 e5 31. f4 f5 32. Nd2 e4 33. Bh4 Be6 34. Bxd8 Rxd8 35. Bd1 Qf7 36. Bb3 Rd3 37. Bxe6 Qxe6 38. Qe1 Nf6 39.
Nf1 Nd5 40. a4 Nxf4 41. axb5 axb5 42. Ra8+ Kh7 43. Ra6 Qg6 44. Rc2 Nxh3+ 45. Kh1 Nf4 46. Qh4 Rd1 47. Qxf4 Nd4 48. Rxg6 Nxc2 49. Qxf5 Ne3 50.
Qxe4 Rxf1+ 51. Kh2 Nf5 52. Re6 Kg8 53. Re8+ Kh7 54. Rf8 Kg6 55. c6 Kg5 56. Rxf5+ Rxf5 57. Qxf5+ Kxf5 58. c7 Ke4 59. c8=Q Kd3 60. Qb7 1-0

[Event "Early-Titled-Tuesday-Blitz-October-10-2023"]
[Site "Chess.com"]
[Date "2023.10.10"]
[Round "9"]
[White "kacprekt"]
[Black "SirStrateg"]
[Result "1/2-1/2"]
[WhiteElo "2492"]
[BlackElo "2584"]
[TimeControl "180+1"]
[EndTime "9:44:58 PDT"]
[Termination "Game drawn by repetition"]

1. e4 Nf6 2. Nc3 d6 3. Nge2 e5 4. h3 Be7 5. g4 Nc6 6. Bg2 h5 7.
g5 Nd7 8. h4 Nc5 9. d4 exd4 10.
Nxd4 Bg4 11. f3 Bd7 12. Be3 Nxd4 13. Qxd4 Ne6 14. Qd2 c6 15. f4 Qa5 16. O-O-O Nc5 17.
Kb1 Bg4 18. Rde1 Na4 19. Nxa4 Qxa4 20. Qd4 Qxd4 21. Bxd4 O-O 22. f5 Rfe8 23. Re3 Bf8 24. Rhe1 g6 25. fxg6 fxg6 26. e5 Re6 27. exd6 Rxe3 28.
Rxe3 Bxd6 29. Bf1 b5 30. a4 a6 31. Bg2 Rc8 32. Rc3 c5 33. Bd5+ Kf8 34. Bf6 c4 35. Re3 Re8 36. Bg7+ Kxg7 37. Rxe8 bxa4 38. Ra8 Bg3 39. Ra7+ Kf8 40. Rxa6 Bf5 41. Rf6+ Ke7 42. Bf7 Bxh4 43. Bxg6 Be6 44. Bxh5 Bxg5 45. Rf3 Bf6 46.
Re3 Kd6 47. Be2 c3 48. bxc3 a3 49. c4 Bb2 50. Ka2 Bd7 51. Kb3 Kc5 52. Rd3 Bc6 53.
Bf3 Ba4+ 54. Kxa4 a2 55. Rd1 a1=Q+ 56. Rxa1 Bxa1 57. Kb3 Bd4 58. c3 Be5 59. Bd5 Bc7 60. Kc2 Bb8 61. Kd3 Bc7 62. Kc2 Bb8 63. Kd3 Bc7 64. Kc2 1/2-1/2

[Event "Early-Titled-Tuesday-Blitz-October-10-2023"]
[Site "Chess.com"]
[Date "2023.10.10"]
[Round "9"]
[White "MightyGMpretender"]
[Black "mr_gustavo"]
[Result "0-1"]
[WhiteElo "2742"]
[BlackElo "2654"]
[TimeControl "180+1"]
[EndTime "9:44:59 PDT"]
[Termination "mr_gustavo won by checkmate"]

1. e4 e6 2. Nc3 d5 3. Nf3 Nf6 4. e5 Nfd7 5. d4 c5 6. dxc5 Bxc5 7. Bd3 Nc6 8. Qe2 h6 9. h4 a6 10. a3 b5 11. Rh3 Qb6 12. Rg3 Nd4 13. Nxd4 Bxd4 14.
Bf4 g5 15. Bd2 Bxe5 16. Rh3 gxh4 17. Rxh4 Bb7 18. Rh5 Qc7 19. O-O-O O-O-O 20. Rdh1 Bf4 21. Bxf4 Qxf4+ 22. Qd2 Qxd2+ 23. Kxd2 d4 24. Ne4 Bxe4 25. Bxe4 Nf6 26. R5h4 h5 27. Bf3 Rhg8 28. g3 Rg5 29. Bxh5 Rf5 30. f4 Ne4+ 31. Kd3 Nf2+ 32. Ke2 Nxh1 33.
Rxh1 Rh8 34. g4 Rxf4 35. Rg1 e5 36. Kd3 Kd7 37. a4 Kd6 38. axb5 axb5 39. Ra1 Kc5 40.
Ra7 f5 41. b4+ Kxb4 42. Re7 Rf3+ 43. Kd2 Re3 44. c3+ Rxc3 45. Rxe5 fxg4 46. Rg5 g3 47.
Be2 Rh2 48. Rxb5+ Ka4 49. Rd5 g2 50. Rxd4+ Kb3 51. Bd1+ Kb2 52. Rb4+ Ka2 53. Kxc3 g1=Q 54. Bb3+ Ka1 55. Ra4+ Kb1 56. Bc4 Qe1+ 57. Kd4 Rh4+ 58. Kc5 Qe3+ 59. Kb4 Qd2+ 60. Kb5 Rh5+ 61. Kc6 Qg2+ 62.
Kb6 Qf2+ 63. Ka6 Rh6+ 64. Kb7 Qb6+ 65. Ka8 Rh8+ 66. Bg8 Rxg8# 0-1

[Event "Early-Titled-Tuesday-Blitz-October-10-2023"]
[Site "Chess.com"]
[Date "2023.10.10"]
[Round "9"]
[White "atalz0"]
[Black "Alphafischer2019"]
[Result "0-1"]
[WhiteElo "2485"]
[BlackElo "2584"]
[TimeControl "180+1"]
[EndTime "9:44:59 PDT"]
[Termination "Alphafischer2019 won on time"]

1. d4 Nf6 2. c4 b6 3. Nc3 Bb7 4. f3 d5 5. cxd5 Nxd5 6. e4 Nxc3 7. bxc3 e6 8. Be3 Be7 9. Bc4 O-O 10. Ne2 c5 11.
O-O cxd4 12. cxd4 Nc6 13. Qd2 Na5 14. Bd3 Rc8 15. Rfc1 Qd7 16. Qb2 h6 17. Bb5 Bc6 18. Ba6 Bb7 19. Bb5 Qd6 20. a3 Rxc1+ 21. Nxc1 Rc8 22.
Qe2 Bg5 23. a4 Rc3 24. Bxg5 Qxd4+ 25. Qf2 Qxf2+ 26. Kxf2 hxg5 27. Ne2 Rc7 28. Rd1 a6 29. Rd8+ Kh7 30. Bd3 Nc6 31. Rd6 Ne5 32. Ke3 Rd7 33.
Rxd7 Nxd7 34. Kd4 Nc5 35. Bc2 Kg8 36. a5 Nd7 37. axb6 Nxb6 38. Kc5 Nc8 39. Ba4 Kf8 40. Bc6 Bxc6 41. Kxc6 Ke7 42. Kb7 Nd6+ 43. Kxa6 Nc4 44. Kb5 Ne3 45. g3 Nf1 46. h3 Nd2 47. Ng1 Kd6 48.
Kb4 Ke5 49. Kc3 Nf1 50. Ne2 Nh2 51. Ng1 f5 52. exf5 exf5 53. Kd3 Nf1 54. Ne2 f4 55. gxf4+ gxf4 56. Ng1 Ng3 57. Ne2 Nxe2 58. Kxe2 Kd4 59. Kd2 g5 60. Ke2 Kc3 61. Kf2 Kd3 0-1

[Event "Early-Titled-Tuesday-Blitz-October-10-2023"]
[Site "Chess.com"]
[Date "2023.10.10"]
[Round "9"]
[White "adotand"]
[Black "mishanick"]
[Result "1-0"]
[WhiteElo "2896"]
[BlackElo "3078"]
[TimeControl "180+1"]
[EndTime "9:45:03 PDT"]
[Termination "adotand won on time"]

1. d4 Nf6 2. c4 e6 3. Nc3 d5 4. cxd5 exd5 5. Bg5 c6 6. e3 Be7 7. Bd3 Nbd7 8. h3 Nf8 9. Bf4 Ne6 10. Be5 O-O 11.
Nf3 Bd6 12. O-O Bxe5 13. Nxe5 Nd7 14. Nf3 Qe7 15. Qc2 g6 16. Rab1 a5 17. a3 Ng5 18.
Nd2 Nf6 19. Rbe1 Nxh3+ 20. gxh3 Bxh3 21. Qd1 Rae8 22. Qf3 Bxf1 23. Rxf1 Nh5 24. Qg2 Kh8 25. Nf3 Qd6 26. Re1 Re6 27. Ne5 f6 28. Nf3 Rfe8 29.
Kf1 R8e7 30. Ne2 b5 31. Nh4 Rg7 32. Nf3 a4 33. Qh2 Qxh2 34. Nxh2 Rge7 35. Rc1 Rb7 36.
Nc3 f5 37. Nf3 Nf6 38. Na2 Ng4 39. Nb4 Rb6 40. Kg2 Kg7 41. Ng5 Rd6 42. Be2 Nf6 43.
Nf3 Nd7 44. Kg3 Kf6 45. Rh1 h5 46. Rc1 Re6 47. Ne1 g5 48. Bxh5 g4 49. Ned3 Kg5 50.
Nf4 Rh6 51. Be8 Nb8 52. Kg2 Rd6 53. Rh1 Rh6 54. Rxh6 Kxh6 55. Ne6 Rb7 56. Nxc6 Na6 57. Nc5 Rb6 58. Nb4 Nxb4 59. axb4 Kg5 60. Kg3 1-0

[Event "Early-Titled-Tuesday-Blitz-October-10-2023"]
[Site "Chess.com"]
[Date "2023.10.10"]
[Round "9"]
[White "Aswathchess"]
[Black "PeshkaCh"]
[Result "1/2-1/2"]
[WhiteElo "2630"]
[BlackElo "2804"]
[TimeControl "180+1"]
[EndTime "9:45:04 PDT"]
[Termination "Game drawn by repetition"]

1. d4 Nf6 2. c4 e6 3. g3 d5 4. Bg2 Be7 5. Nf3 O-O 6. O-O dxc4 7. Qc2 a6 8. a4 Bd7 9. Qxc4 Bc6 10.
Bf4 Bd6 11. Qc1 Bxf4 12. Qxf4 Qd6 13. Nc3 Rd8 14. Rfd1 Qxf4 15. gxf4 Bxf3 16. Bxf3 c6 17. a5 Nd5 18. e3 Nd7 19. Ra3 N7f6 20. Rb3 Rab8 21.
Na4 Nd7 22. Rc1 Kf8 23. Rc4 b5 24. axb6 N7xb6 25. Nxb6 Nxb6 26. Rxc6 Nd7 27. Rxb8 Rxb8 28.
Rxa6 Rxb2 29. Ra7 Nf6 30. Kg2 g6 31. Kg3 h5 32. h4 Kg7 33. Bc6 Rc2 34. Bf3 Rb2 35. Ra3 Rc2 36. Rd3 Rc7 37. e4 Rd7 38. d5 exd5 39. e5 Ng8 40. Rxd5 Ra7 41. Rb5 Ne7 42.
Be4 Rc7 43. f3 Rd7 44. Rb7 Rxb7 45. Bxb7 Nf5+ 46. Kh3 Nd4 47. Be4 Kh6 48. Kg3 Ne2+ 49. Kf2 Nxf4 50. Kg3 g5 51. Bb1 Ng6 52. hxg5+ Kxg5 53. Bxg6 Kxg6 54. Kf4 f6 55. e6 Kg7 56. Kg3 Kf8 57. f4 f5 58. Kh4 Ke7 59. Kxh5 Kxe6 60. Kg6 Ke7 61. Kg7 Ke8 62. Kg6 Ke7 63. Kh7 Kf7 64. Kh6 Kf6 65. Kh5 Ke6 66. Kg5 Ke7 67. Kxf5 Kf7 68. Ke5 Ke7 69. Kf5 Kf7 70. Kg5 Kg7 71.
f5 Kf7 72. f6 Kf8 73. Kf5 Kf7 74. Ke5 Kf8 75. Kd6 Kf7 76. Ke5 Kf8 77. Ke6 Ke8 78. Kf5 Kf7 79. Kg5 Kf8 80. Kg6 Kg8 81. Kf5 Kf7 1/2-1/2

[Event "Early-Titled-Tuesday-Blitz-October-10-2023"]
[Site "Chess.com"]
[Date "2023.10.10"]
[Round "9"]
[White "lamomiajunior"]
[Black "Rozhkov_V"]
[Result "1-0"]
[WhiteElo "2690"]
[BlackElo "2439"]
[TimeControl "180+1"]
[EndTime "9:45:04 PDT"]
[Termination "lamomiajunior won by resignation"]

1. d4 d5 2. c4 dxc4 3. Nf3 Nf6 4. e3 Bg4 5. Bxc4 e6 6. Nc3 Bd6 7. h3 Bh5 8. g4 Bg6 9. Bf1 Nc6 10. Bg2 O-O 11.
O-O Qe7 12. Nh4 e5 13. Nxg6 hxg6 14. d5 Nb8 15. e4 Nbd7 16. Be3 Nh7 17. Qd2 f5 18.
exf5 gxf5 19. gxf5 Rxf5 20. Ne4 Raf8 21. Ng3 R5f7 22.
Be4 Ndf6 23. Bg6 Qd7 24. Bxf7+ Rxf7 25. Kg2 Nf8 26. Qd3 e4 27. Nxe4 Qf5 28. Nxf6+ Qxf6 29. f4 Ng6 30. Rae1 Bxf4 31. Kh1 Qh4 32. Bxf4 Rxf4 33.
Re8+ Nf8 34. Rxf4 Qxf4 35. Re1 Qh4 36. Rf1 Qg5 37. Qf5 Qe7 38. Rf2 Nd7 39. Qe6+ Qxe6 40. dxe6 Nf6 41. Rd2 Kf8 42. Rd8+ Ke7 43. Rb8 b6 44.
Rb7 Kxe6 45. Rxa7 Nd5 46. Ra8 Kd6 47. Rg8 Kc5 48. Rxg7 Kc4 49. Rg3 Nb4 50. Rg4+ Kc5 51. a3 Nd3 52. Rg2 Kc4 53. h4 Kb3 54. Rg3 Kc2 55. Rxd3 Kxd3 56. h5 Kc2 57. h6 Kxb2 58. h7 Kxa3 59. h8=Q c5 60. Qa1+ Kb3 61. Qb1+ Kc3 62. Kg2 c4 63. Kf2 Kd2 64. Qb2+ Kd3 65.
Ke1 c3 66. Qe2+ Kd4 67. Kd1 b5 68. Kc2 b4 69. Qd3+ Kc5 70. Kb3 Kb6 71. Qd6+ Kb5 72.
Qxb4+ 1-0

[Event "Early-Titled-Tuesday-Blitz-October-10-2023"]
[Site "Chess.com"]
[Date "2023.10.10"]
[Round "9"]
[White "cristiano78"]
[Black "abelmat"]
[Result "1-0"]
[WhiteElo "2244"]
[BlackElo "1954"]
[TimeControl "180+1"]
[EndTime "9:45:04 PDT"]
[Termination "cristiano78 won on time"]

1. d4 d5 2. c4 e6 3. Nf3 Nf6 4. Nc3 Be7 5. Bg5 Nbd7 6. e3 h6 7. Bh4 O-O 8. c5 c6 9. b4 b6 10.
Be2 a5 11. a3 Ba6 12. O-O Bxe2 13. Nxe2 b5 14. Nd2 Ne4 15. Bxe7 Qxe7 16. f3 Nxd2 17.
Qxd2 e5 18. Nc3 Rfe8 19. e4 exd4 20. Qxd4 dxe4 21. Nxe4 Rad8 22. Nd6 Nf6 23. Rfe1 Qa7 24. Rxe8+ Nxe8 25. Rd1 axb4 26. axb4 Nf6 27. Qe5 Nd5 28. Nxb5 Qa4 29. Nc3 Qc2 30. Rxd5 cxd5 31. Qd4 Qb3 32.
Kf2 Qc4 33. Ke3 g6 34. Qxc4 dxc4 35. Ke4 Rd3 36. Nd5 Rb3 37. Kd4 Rd3+ 38. Kxc4 Rd1 39. b5 Rc1+ 40. Kb4 Rb1+ 41. Ka5 Rb2 42. Kb6 f5 43. c6 Rd2 44. Kc5 Kf7 45. Kd6 Rc2 46.
c7 Ke8 47. b6 f4 48. b7 Rxg2 49. c8=Q+ Kf7 50. Qe6+ Kg7 51. Qf6+ Kg8 52. Ke7 Re2+ 53. Kd6 g5 54. Qg6+ Kf8 55. Nf6 1-0

[Event "Early-Titled-Tuesday-Blitz-October-10-2023"]
[Site "Chess.com"]
[Date "2023.10.10"]
[Round "9"]
[White "NicolaiMaxime"]
[Black "Tonychess32"]
[Result "1-0"]
[WhiteElo "2595"]
[BlackElo "2495"]
[TimeControl "180+1"]
[EndTime "9:45:07 PDT"]
[Termination "NicolaiMaxime won by resignation"]

1. e4 e6 2. b3 d5 3. Bb2 dxe4 4. Nc3 Nf6 5. Qe2 Be7 6. O-O-O O-O 7. g4 b6 8. g5 Nd5 9. Nxe4 Bb7 10. Bg2 Nf4 11. Qg4 Nxg2 12. Qxg2 Bxe4 13. Qxe4 Nd7 14. h4 Nc5 15. Qe5 f6 16. gxf6 Bxf6 17. Qe3 Bxb2+ 18. Kxb2 Qd5 19. Nh3 Rf3 20. Nf4 Rxe3 21. Nxd5 Re2 22.
Nxc7 Rd8 23. d4 Rc8 24. dxc5 Rxc7 25. Rhe1 Rxe1 26. Rxe1 Rxc5 27. Rxe6 Kf7 28. Rd6 Ke7 29. Rd4 Rf5 30. Rg4 Kf6 31. Rg2 Rf4 32. Rh2 h5 33.
a3 Kf5 34. b4 b5 35. Kb3 a6 36. Rg2 Rg4 37. Rh2 Rf4 38. a4 Rf3+ 39. Kb2 g6 40. axb5 axb5 41. Rg2 Rf4 42. Rg5+ Kf6 43. Rxb5 Rxh4 44. Kb3 Rf4 45. Rb8 Kg7 46. b5 h4 47. Ra8 h3 48. Ra1 Rxf2 49. Rh1 Rf3+ 50. Kb4 g5 51. b6 g4 52. b7 Rf8 53. Kb5 Kg6 54. c4 Kg5 55. c5 Kh4 56. c6 g3 57.
c7 g2 58. Rc1 Rf1 59. c8=Q Rxc1 60. Qxc1 h2 61. Qf4+ Kh3 62. Qf3+ 1-0